 Dungeon Crawl Stone Soup version 0.30-a0-4-ga7cffc901d (webtiles) character file.

Game seed: 7488133918625957138

44 Setbun the Sneak (level 3, -1/21 HPs)
             Began as a Kobold Brigand on Aug 21, 2022.
             Killed from afar by Ijyb (6 damage)
             ... with a puff of flame
             ... on level 3 of the Dungeon.
             The game lasted 00:01:43 (1367 turns).

Setbun the Sneak (Kobold Brigand)                   Turns: 1367, Time: 00:01:43

Health: -1/21      AC:  3    Str:  6 (8)  XL:     3   Next: 85%
Magic:  3/3        EV: 14    Int: 11 (12) God:
Gold:   79         SH:  0    Dex: 16 (18) Spells: 2/2 levels left

rFire   . . .      SeeInvis .    a - +2 dagger
rCold   . . .      Faith    .    (no shield)
rNeg    . . .      Spirit   .    b - +0 robe
rPois   .          Reflect  .    (no helmet)
rElec   .          Harm     .    c - +0 cloak
rCorr   .          Rampage  .    (no gloves)
Will    .....                    (no boots)
Stlth   ++++......               (no amulet)
HPRegen 0.07/turn                (no ring)
MPRegen 0.08/turn                (no ring)

@: about to teleport
A: small, no large weapons, nightstalker 3
a: no special abilities


You were on level 3 of the Dungeon.
You visited 1 branch of the dungeon, and saw 3 of its levels.

You collected 79 gold pieces.

Inventory:

Hand Weapons
 a - a +2 dagger (weapon)
Missiles
 d - 9 poisoned darts (quivered)
 e - 3 curare-tipped darts
Armour
 b - a +0 robe (worn)
 c - a +0 cloak (worn)
Scrolls
 f - 3 scrolls of teleportation
 g - a scroll of enchant weapon {unknown}
 h - a scroll of fear {unknown}
 i - a scroll of summoning {unknown}
 k - a scroll of immolation {unknown}
 l - a scroll of identify {unknown}
 m - a scroll of poison {unknown}


   Skills:
 - Level 2.1 Fighting
 + Level 5.2 Short Blades
 - Level 2.1 Throwing
 - Level 1.2 Dodging
 - Level 5.3 Stealth


You had 2 spell levels left.
You didn't know any spells.
Your spell library contained the following spells:

 Spells                   Type           Power      Damage    Failure   Level
 Beastly Appendage        Tmut           0%         N/A       34%         1
 Foxfire                  Conj/Fire      0%         2x1d4     34%         1
 Ensorcelled Hibernation  Hex/Ice        0%         N/A       47%         2
 Wereblood                Tmut           0%         N/A       47%         2
 Conjure Flame            Conj/Fire      0%         6-21      71%         3
 Inner Flame              Hex/Fire       0%         N/A       71%         3
 Spider Form              Tmut/Pois      0%         N/A       71%         3
 Anguish                  Hex/Necr       0%         N/A       98%         4
 Flame Wave               Conj/Fire      0%         2d4       98%         4


Dungeon Overview and Level Annotations

Branches:
Dungeon (2/15)

Altars:

Annotations:
D:3 1 runed translucent door, Ijyb


Innate Abilities, Weirdness & Mutations

You are small and have problems with some larger weapons.
You are completely attuned to the shadows.


Message History

Ijyb hits you but does no damage.
You writhe in agony.
You closely miss Ijyb. You hit Ijyb but do no damage.
Ijyb hits you but does no damage.
You writhe in agony.
You closely miss Ijyb. Ijyb hits you with a +0 dagger of pain.
You writhe in agony.
You are too injured to fight recklessly!
You are too injured to fight recklessly!
Ijyb is nearby!
Ijyb is nearby!
You are too injured to fight recklessly!
You hit Ijyb but do no damage. Ijyb barely misses you.
You hit Ijyb.
Ijyb is lightly wounded.
You hit Ijyb.
Ijyb is lightly wounded.
Ijyb barely misses you.
You hit Ijyb.
Ijyb is lightly wounded.
Ijyb misses you.
You hit Ijyb but do no damage.
Ijyb is lightly wounded.
Ijyb hits you with a +0 dagger of pain.
* * * LOW HITPOINT WARNING * * *
You hit Ijyb but do no damage.
Ijyb is lightly wounded.
You hit Ijyb but do no damage.
Ijyb is lightly wounded.
Ijyb barely misses you.
You hit Ijyb but do no damage.
Ijyb is lightly wounded.
Ijyb barely misses you.
It was a potion of degeneration.
There was something very wrong with that liquid.
You feel weakened.
You feel dopey.
You feel clumsy. Ijyb hits you but does no damage.
As you read the scroll labelled YBROZI YMUFFAACIT, it crumbles to dust.
You feel strangely unstable.
It was a scroll of teleportation.
Ijyb zaps a wand.
The puff of flame hits you.
You die...

##..#.######## # #
....#...# #.#
##......# #.#
......##.# #..
........##.# ###
........##.##########
.....................
........#############
....@...# # ...g#####
# .... . .... ....


You could see Ijyb.

Vanquished Creatures
  An adder (D:3)
  2 ball pythons
  6 bats (D:1)
  2 endoplasms
  A giant cockroach (D:1)
  8 goblins
  2 hobgoblins (D:1)
  A quokka (D:1)
  4 frilled lizards (D:1)
  2 kobolds (D:1)
  6 rats
35 creatures vanquished.

Notes
Turn   | Place    | Note
-------+----------+-------------------------------------------
     0 | D:1      | Setbun the Kobold Brigand began the quest for the Orb.
     0 | D:1      | Reached XP level 1. HP: 12/12 MP: 1/1
   233 | D:1      | Reached XP level 2. HP: 17/17 MP: 2/2
   591 | D:1      | Reached XP level 3. HP: 21/21 MP: 3/3
   970 | D:2      | You fall into a shaft and drop 1 floor!
  1141 | D:3      | Found a runed translucent door.
  1171 | D:3      | Reached skill level 5 in Short Blades
  1346 | D:3      | Noticed Ijyb
  1367 | D:3      | Killed from afar by Ijyb

Illustrated notes

Levels and vault maps discovered:
D:1:      dpeg_arrival_subterranean_lakeside_camping, layout_loops_cross
D:2:      layout_loops_ring, serial_shops, nicolae_shop_stone, minivault_11,
          minmay_tromino_v4_c
D:3:      layout_basic, hellmonk_ghost_happy_afterlife, uniq_ijyb, uniq_natasha,
          uniq_jessica

Skill      XL: |  1  2  3 |
---------------+----------+-----
Short Blades   | 3 4 5 |  5.2
Fighting       | |  2.1
Throwing       | |  2.1
Dodging        | |  1.2
Stealth        | |  5.3

Action                   || total
-------------------------++-------
Melee: Dagger            ||   104
  Use: Scroll            ||     1
       Potion            ||     1
 Stab: Sleeping          ||    20
Armor: Robe              ||    19
Dodge: Dodged            ||    73

Table legend: (Time is in decaauts)
 A = Elapsed time spent in this place.
 B = Non-inter-level travel time spent in this place.
 C = Inter-level travel time spent in this place.
 D = Time resting spent in this place.
 E = Time spent auto-exploring this place.
 F = Levels seen in this place.
 G = Mean time per level.
                   A        B        C        D        E       F      G
               +--------+--------+--------+--------+--------+-----+--------+
         Total |   1346 |   1343 |      3 |    155 |    971 |   3 |  448.7 |
       Dungeon |   1346 |   1343 |      3 |    155 |    971 |   3 |  448.7 |
               +--------+--------+--------+--------+--------+-----+--------+

Top non-repeatable levels by time:
     D:1: 944 daAuts
     D:3: 389 daAuts
     D:2: 12 daAuts
